MID
LAKEWOOD BLUECLAWS @ PEORIA CHIEFS
09/18/2049
 
TOP OF THE 1ST
Lakewood BlueClaws batting - Pitching for Peoria Chiefs : RHP Tony Casey
Pitching: RHP Tony Casey
Batting: LHB Jonathan Roman 0-0: Called Strike
0-1: Swinging Strike
0-2: Strikes out swinging
Batting: SHB Steve DeRienzo 0-0: Called Strike
0-1: Swinging Strike
0-2: Strikes out swinging
Batting: RHB Alan Weller 0-0: Ground out 5-3 (Groundball, 56, EV 81.9 MPH)
Top of the 1st over - 0 runs, 0 hits, 0 errors, 0 left on base; Lakewood 0 - Peoria 0
BOTTOM OF THE 1ST
Peoria Chiefs batting - Pitching for Lakewood BlueClaws : RHP Joe Morse
Pitching: RHP Joe Morse
Batting: RHB Sam Sours 0-0: Ball
1-0: Ground out 4-3 (Groundball, 4S, EV 71.9 MPH)
Batting: RHB Tim Jobe 0-0: Ball
1-0: Ball
2-0: Swinging Strike
2-1: Ball
3-1: Base on Balls
Batting: LHB Ignacio Ocampo 0-0: Foul Ball, location: 2F
0-1: Ball
1-1: Called Strike
1-2: Ball
2-2: SINGLE (Flyball, 3D, EV 98.8 MPH)
Tim Jobe to second
Batting: RHB Bobby Miles 0-0: Called Strike
0-1: Fielders Choice at 2nd, 1-4 (Groundball, 15S, EV 69.4 MPH)
Tim Jobe to third
Batting: RHB Sam Daw 0-0: Called Strike
0-1: Called Strike
0-2: Ball
1-2: Strikes out looking
Bottom of the 1st over - 0 runs, 1 hit, 0 errors, 2 left on base; Lakewood 0 - Peoria 0
TOP OF THE 2ND
Lakewood BlueClaws batting - Pitching for Peoria Chiefs : RHP Tony Casey
Batting: SHB Brett St. Clair 0-0: Ball
1-0: Called Strike
1-1: Swinging Strike
1-2: Strikes out swinging
Batting: LHB Josh George 0-0: Swinging Strike
0-1: Fly out, F8 (Flyball, 78M, EV 90.0 MPH)
Batting: LHB Eric Farren 0-0: Swinging Strike
0-1: Called Strike
0-2: Strikes out swinging
Top of the 2nd over - 0 runs, 0 hits, 0 errors, 0 left on base; Lakewood 0 - Peoria 0
BOTTOM OF THE 2ND
Peoria Chiefs batting - Pitching for Lakewood BlueClaws : RHP Joe Morse
Batting: RHB Workneh Lagat 0-0: Ball
1-0: Called Strike
1-1: Swinging Strike
1-2: Foul Ball, location: 2F
1-2: Foul Ball, location: 2F
1-2: Fly out, F8 (Flyball, 8RM, EV 88.1 MPH)
Batting: RHB Kalidas Mishra 0-0: Ball
1-0: Foul Ball, location: 2F
1-1: Foul Ball, location: 2F
1-2: Foul Ball, location: 2F
1-2: Ball
2-2: Ground out 4-3 (Groundball, 34, EV 99.4 MPH)
Batting: SHB Bobby Mercado 0-0: Foul Ball, location: 2F
0-1: Foul Ball, location: 2F
0-2: Ball
1-2: Foul Ball, location: 2F
1-2: Foul Ball, location: 2F
1-2: Ground out 2-3 (Groundball, 2L, EV 71.2 MPH)
Bottom of the 2nd over - 0 runs, 0 hits, 0 errors, 0 left on base; Lakewood 0 - Peoria 0
TOP OF THE 3RD
Lakewood BlueClaws batting - Pitching for Peoria Chiefs : RHP Tony Casey
Batting: RHB Juan Valadez 0-0: Called Strike
0-1: Ground out 6-3 (Groundball, 6, EV 86.9 MPH)
Batting: RHB Trent Hedrick 0-0: SINGLE (Line Drive, 6D, EV 96.2 MPH)
Batting: RHB Danny Habermehl 0-0: Ball
Trent Hedrick steals 2nd base
1-0: Swinging Strike
1-1: Ball
2-1: Foul Ball, location: 2F
2-2: Foul Ball, location: 2F
2-2: Strikes out swinging
Batting: LHB Jonathan Roman 0-0: Called Strike
0-1: Ball
1-1: Foul Ball, location: 2F
1-2: Ground out 6-3 (Groundball, 6S, EV 70.0 MPH)
Top of the 3rd over - 0 runs, 1 hit, 0 errors, 1 left on base; Lakewood 0 - Peoria 0
BOTTOM OF THE 3RD
Peoria Chiefs batting - Pitching for Lakewood BlueClaws : RHP Joe Morse
Batting: LHB Dwain Ashford 0-0: Fly out, F7 (Flyball, 7LSF, EV 75.6 MPH)
Batting: RHB Sam Sours 0-0: Called Strike
0-1: Fly out, F9 (Line Drive, 89M, EV 94.4 MPH)
Batting: RHB Tim Jobe 0-0: Called Strike
0-1: Foul Ball, location: 2F
0-2: Fly out, F7 (Line Drive, 78M, EV 92.5 MPH)
Bottom of the 3rd over - 0 runs, 0 hits, 0 errors, 0 left on base; Lakewood 0 - Peoria 0
TOP OF THE 4TH
Lakewood BlueClaws batting - Pitching for Peoria Chiefs : RHP Tony Casey
Batting: SHB Steve DeRienzo 0-0: Ball
1-0: Ball
2-0: Fly out, F7 (Flyball, 7S, EV 90.6 MPH)
Batting: RHB Alan Weller 0-0: Called Strike
0-1: Ball
1-1: Ball
2-1: Called Strike
2-2: Foul Ball, location: 2F
2-2: Strikes out looking
Batting: SHB Brett St. Clair 0-0: Called Strike
0-1: Foul Ball, location: 2F
0-2: Ball
1-2: Strikes out swinging
Top of the 4th over - 0 runs, 0 hits, 0 errors, 0 left on base; Lakewood 0 - Peoria 0
BOTTOM OF THE 4TH
Peoria Chiefs batting - Pitching for Lakewood BlueClaws : RHP Joe Morse
Batting: LHB Ignacio Ocampo 0-0: Fly out, F5 (Popup, 5F, EV 78.8 MPH)
Batting: RHB Bobby Miles 0-0: Called Strike
0-1: Swinging Strike
0-2: Ball
1-2: Ball
2-2: Ground out 4-3 (Groundball, 4M, EV 93.8 MPH)
Batting: RHB Sam Daw 0-0: Called Strike
0-1: Swinging Strike
0-2: Foul Ball, location: 2F
0-2: Foul Ball, location: 2F
0-2: Ground out 1-3 (Groundball, 13S, EV 72.5 MPH)
Bottom of the 4th over - 0 runs, 0 hits, 0 errors, 0 left on base; Lakewood 0 - Peoria 0
TOP OF THE 5TH
Lakewood BlueClaws batting - Pitching for Peoria Chiefs : RHP Tony Casey
Batting: LHB Josh George 0-0: Ball
1-0: SINGLE (Groundball, 13, EV 89.4 MPH) (infield hit)
Batting: LHB Eric Farren 0-0: Fly out, F4 (Popup, 4, EV 75.6 MPH)
Batting: RHB Juan Valadez 0-0: Ball
1-0: Swinging Strike
1-1: Grounds into double play, 6-4-3 (Groundball, 56, EV 106.2 MPH)
Top of the 5th over - 0 runs, 1 hit, 0 errors, 0 left on base; Lakewood 0 - Peoria 0
BOTTOM OF THE 5TH
Peoria Chiefs batting - Pitching for Lakewood BlueClaws : RHP Joe Morse
Batting: RHB Workneh Lagat 0-0: Foul Ball, location: 2F
0-1: Ball
1-1: Ball
2-1: Ball
3-1: Called Strike
3-2: Strikes out swinging, 2-3 out at first.
Batting: RHB Kalidas Mishra 0-0: Foul Ball, location: 2F
0-1: Foul Ball, location: 2F
0-2: Ball
1-2: Ball
2-2: Foul Ball, location: 2F
2-2: Foul Ball, location: 2F
2-2: Ball
3-2: Foul Ball, location: 2F
3-2: Foul Ball, location: 2F
3-2: Fly out, F3 (Popup, 34S, EV 85.0 MPH)
Batting: SHB Bobby Mercado 0-0: Called Strike
0-1: Ball
1-1: SINGLE (Flyball, 7LS, EV 99.4 MPH)
Batting: LHB Dwain Ashford 0-0: Ball
1-0: Called Strike
1-1: Ball
2-1: Foul Ball, location: 2F
2-2: Ball
3-2: Ground out 4-3 (Groundball, 4, EV 89.4 MPH)
Bottom of the 5th over - 0 runs, 1 hit, 0 errors, 1 left on base; Lakewood 0 - Peoria 0
TOP OF THE 6TH
Lakewood BlueClaws batting - Pitching for Peoria Chiefs : RHP Tony Casey
Batting: RHB Trent Hedrick 0-0: Ball
1-0: Called Strike
1-1: Ball
2-1: SINGLE (Line Drive, 4M, EV 95.0 MPH)
Batting: RHB Danny Habermehl 0-0: Foul Ball, location: 2F
0-1: Foul Ball, location: 2F
0-2: Foul Ball, location: 2F
0-2: Ball
1-2: Strikes out swinging
Batting: LHB Jonathan Roman 0-0: Ball
1-0: Foul Ball, location: 2F
1-1: Fly out, F8 (Flyball, 89M, EV 79.4 MPH)
Batting: SHB Steve DeRienzo 0-0: Called Strike
0-1: SINGLE (Groundball, 4MD, EV 101.9 MPH)
Trent Hedrick to second
Runner from 2nd tries for 3rd, SAFE, throw by CF made to third
Steve DeRienzo to second
Batting: RHB Alan Weller 0-0: Called Strike
0-1: Ball
1-1: Fly out, F6 (Line Drive, 6M, EV 68.1 MPH)
Top of the 6th over - 0 runs, 2 hits, 0 errors, 2 left on base; Lakewood 0 - Peoria 0
BOTTOM OF THE 6TH
Peoria Chiefs batting - Pitching for Lakewood BlueClaws : RHP Joe Morse
Batting: RHB Sam Sours 0-0: Ball
1-0: Called Strike
1-1: Ball
2-1: Foul Ball, location: 2F
2-2: Strikes out swinging
Batting: RHB Tim Jobe 0-0: Called Strike
0-1: SINGLE (Flyball, 4MD, EV 87.5 MPH)
Pitching: RHP Alec Guglielmo
Batting: LHB Ignacio Ocampo 0-0: Foul Ball, location: 2F
0-1: Ball
1-1: Ball
2-1: Foul Ball, location: 2F
2-2: Ball
3-2: Foul Ball, location: 2F
3-2: SINGLE (Groundball, 5S, EV 71.9 MPH) (infield hit)
Tim Jobe to second
Batting: RHB Bobby Miles 0-0: Fly out, F8 (Flyball, 8RD, EV 87.5 MPH)
Batting: RHB Sam Daw 0-0: Called Strike
0-1: Swinging Strike
0-2: Strikes out swinging
Bottom of the 6th over - 0 runs, 2 hits, 0 errors, 2 left on base; Lakewood 0 - Peoria 0
TOP OF THE 7TH
Lakewood BlueClaws batting - Pitching for Peoria Chiefs : RHP Tony Casey
Batting: SHB Brett St. Clair 0-0: Called Strike
0-1: SINGLE (Flyball, 3D, EV 83.8 MPH)
Batting: LHB Josh George 0-0: Swinging Strike
0-1: Ball
1-1: Ball
2-1: Fly out, F9 (Flyball, 9, EV 90.6 MPH)
Batting: LHB Eric Farren 0-0: Called Strike
0-1: Fly out, F8 (Flyball, 8LM, EV 91.9 MPH)
Batting: RHB Juan Valadez 0-0: Ball
1-0: Fly out, F7 (Flyball, 7S, EV 79.4 MPH)
Top of the 7th over - 0 runs, 1 hit, 0 errors, 1 left on base; Lakewood 0 - Peoria 0
BOTTOM OF THE 7TH
Peoria Chiefs batting - Pitching for Lakewood BlueClaws : RHP Alec Guglielmo
Pitching: RHP Ron Knowles
Batting: RHB Workneh Lagat 0-0: Ball
1-0: Ball
2-0: Ground out 6-3 (Groundball, 6, EV 84.4 MPH)
Batting: RHB Kalidas Mishra 0-0: Ball
1-0: Ball
2-0: Called Strike
2-1: Fly out, F9 (Flyball, 9S, EV 84.4 MPH)
Batting: SHB Bobby Mercado 0-0: Foul Ball, location: 2F
0-1: Foul Ball, location: 2F
0-2: Strikes out swinging
Bottom of the 7th over - 0 runs, 0 hits, 0 errors, 0 left on base; Lakewood 0 - Peoria 0
TOP OF THE 8TH
Lakewood BlueClaws batting - Pitching for Peoria Chiefs : RHP Tony Casey
Batting: RHB Trent Hedrick 0-0: Foul Ball, location: 2F
0-1: Ball
1-1: Swinging Strike
1-2: Strikes out looking
Batting: RHB Danny Habermehl 0-0: Ball
1-0: Called Strike
1-1: Foul Ball, location: 2F
1-2: Ball
2-2: Fly out, F4 (Popup, 34D, EV 71.2 MPH)
Batting: LHB Jonathan Roman 0-0: Foul Ball, location: 2F
0-1: Ball
1-1: Ball
2-1: Called Strike
2-2: Strikes out looking
Top of the 8th over - 0 runs, 0 hits, 0 errors, 0 left on base; Lakewood 0 - Peoria 0
BOTTOM OF THE 8TH
Peoria Chiefs batting - Pitching for Lakewood BlueClaws : RHP Ron Knowles
Pitching: LHP Mike Aldrich
Pinch Hitting: RHB Kyle Burns 0-0: Ball
1-0: Called Strike
1-1: Foul Ball, location: 2F
1-2: Ball
2-2: SINGLE (Groundball, 4MD, EV 103.1 MPH)
Pitching: RHP Lance Brisson
Batting: RHB Sam Sours 0-0: Fly out, F8 (Flyball, 78XD, EV 92.5 MPH)
Batting: RHB Tim Jobe 0-0: Called Strike
0-1: Ball
1-1: Ball
2-1: Ball
3-1: Fly out, F8 (Flyball, 8LXD, EV 101.9 MPH)
Batting: LHB Ignacio Ocampo 0-0: Ball
1-0: Called Strike
1-1: Ball
2-1: Foul Ball, location: 2F
2-2: Strikes out swinging
Bottom of the 8th over - 0 runs, 1 hit, 0 errors, 1 left on base; Lakewood 0 - Peoria 0
TOP OF THE 9TH
Lakewood BlueClaws batting - Pitching for Peoria Chiefs : RHP Tony Casey
Pitching: RHP Mike Cain
Now at 1B: Kyle Burns
Batting: SHB Steve DeRienzo 0-0: Ground out 4-3 (Groundball, 4, EV 76.2 MPH)
Batting: RHB Alan Weller 0-0: Called Strike
0-1: Ball
1-1: Fly out, F6 (Popup, 15S, EV 93.1 MPH)
Batting: SHB Brett St. Clair 0-0: Fly out, F7 (Line Drive, 78M, EV 103.8 MPH)
Top of the 9th over - 0 runs, 0 hits, 0 errors, 0 left on base; Lakewood 0 - Peoria 0
BOTTOM OF THE 9TH
Peoria Chiefs batting - Pitching for Lakewood BlueClaws : RHP Lance Brisson
Batting: RHB Bobby Miles 0-0: Ball
1-0: Ball
2-0: Called Strike
2-1: Ball
3-1: Ground out 5-3 (Groundball, 56S, EV 72.5 MPH)
Batting: RHB Sam Daw 0-0: Ball
1-0: Ball
2-0: Swinging Strike
2-1: Ball
3-1: Foul Ball, location: 2F
3-2: Base on Balls
Batting: RHB Workneh Lagat 0-0: Ball
1-0: SINGLE (Groundball, 5D, EV 108.1 MPH)
Sam Daw to second
Batting: RHB Kalidas Mishra 0-0: Fly out, F9 (Flyball, 9LD, EV 102.5 MPH)
Runner from 2nd tags up, SAFE at 3rd, no throw by RF
Batting: SHB Bobby Mercado 0-0: Ball
1-0: Ball
2-0: Called Strike
2-1: Ball
3-1: Foul Ball, location: 2F
3-2: 3-RUN HOME RUN (Flyball, 89XD, EV 98.1 MPH), Distance : 392 ft
Bottom of the 9th over - 3 runs, 2 hits, 0 errors, 0 left on base; Lakewood 0 - Peoria 3
Sunday, July 16th , 2023 - OOTP Baseball 24.6 Build 69